 Dungeon Crawl Stone Soup version 0.29.1-1-gd02db6906a (webtiles) character file.

Game seed: 2220498019287990576

393 Zeld the Chopper (level 6, -4/56 HPs)
             Began as a Minotaur Berserker on Oct 7, 2022.
             Was a Priest of Trog.
             Slain by Edmund
             ... wielding a +4 dire flail of protection
              (8 damage)
             ... on level 4 of the Dungeon.
             The game lasted 00:05:55 (4280 turns).

Zeld the Chopper (Minotaur Berserker)               Turns: 4280, Time: 00:05:56

Health: -4/56      AC:  2    Str: 23    XL:     6   Next: 51%
Magic:  5/5        EV: 12    Int:  4    God:    Trog [***...]
Gold:   151        SH:  0    Dex: 10    Spells: 5/5 levels left

rFire   . . .      SeeInvis .   a - +0 hand axe
rCold   . . .      Faith    .   (no shield)
rNeg    . . .      Spirit   .   b - +0 animal skin
rPois   .          Reflect  .   (helmet restricted)
rElec   .          Harm     .   g - scarf {+Inv}
rCorr   .          Rampage  .   (no gloves)
Will    .....                   (no boots)
Stlth   +.........              h - amulet of magic regeneration
HPRegen 0.18/turn               (no ring)
MPRegen 0.49/turn               (no ring)

@: no status effects
A: horns 2, retaliatory headbutt
a: Renounce Religion, Evoke Invisibility, Berserk, Trog's Hand


You were on level 4 of the Dungeon.
You worshipped Trog.
Trog was most pleased with you.
You visited 1 branch of the dungeon, and saw 4 of its levels.
You also visited: Sewer.

You collected 151 gold pieces.

Inventory:

Hand Weapons
 a - a +0 hand axe (weapon)
Missiles
 p - 2 curare-tipped darts (quivered)
 r - 2 boomerangs
 s - 13 poisoned darts
Armour
 b - a +0 animal skin (worn)
 g - a scarf of invisibility (worn)
Jewellery
 h - an amulet of magic regeneration (around neck)
Scrolls
 d - 2 scrolls of blinking {unknown}
 f - 2 scrolls of silence {unknown}
 i - 2 scrolls of amnesia {unknown}
 l - a scroll of teleportation {unknown}
 m - 2 scrolls of identify {unknown}
 n - a scroll of poison {unknown}
 q - a scroll of enchant weapon {unknown}
 w - a scroll of fear {unknown}
Potions
 c - a potion of lignification {unknown}
 e - 3 potions of curing {unknown}
 j - a potion of degeneration {unknown}
 k - a potion of attraction {unknown}
 o - 2 potions of brilliance {unknown}
 t - a potion of heal wounds {unknown}
 u - 2 potions of flight {unknown}
 v - a potion of ambrosia {unknown}


   Skills:
 + Level 5.1 Fighting
 * Level 6.2 Axes
 + Level 4.3 Armour
 + Level 3.9 Dodging


You had 5 spell levels left.
You didn't know any spells.
Your spell library was empty.

Dungeon Overview and Level Annotations

Branches:
Dungeon (4/15)              Sewer (visited)
 Temple: D:4-7

Altars:
Fedhas

Shops:
D:1 (

Annotations:
D:3 2 transporters, fireball365's ghost, amateur DgEE
D:4 Edmund


Innate Abilities, Weirdness & Mutations

You have a pair of horns on your head.
You reflexively headbutt those who attack you in melee.


Message History

Edmund shouts!
Edmund hits you with a +4 dire flail of protection!
Edmund is nearby!
You hit Edmund. You headbutt Edmund, but do no damage.
Edmund is lightly wounded.
Edmund closely misses you. You furiously retaliate!
You headbutt Edmund, but do no damage.
Edmund is nearby!
You closely miss Edmund.
Edmund is lightly wounded.
Edmund says, "People accused me of being a cutpurse!"
Edmund barely misses you. You furiously retaliate!
You headbutt Edmund, but do no damage. You hit Edmund.
Your headbutt misses Edmund.
Edmund is lightly wounded.
Edmund says, "Maybe I'll buy a title.
How does Count Edmund sound?"
Edmund hits you with a +4 dire flail of protection!
You hit Edmund but do no damage.
Edmund is lightly wounded.
Edmund hits you with a +4 dire flail of protection!
You are too injured to fight recklessly!
You hit Edmund but do no damage.
Edmund is lightly wounded.
Edmund says, "People think my brother is the best.
I think he's crazy."
Edmund misses you.
You hit Edmund but do no damage. Your headbutt misses Edmund.
You punch Edmund, but do no damage.
Edmund is lightly wounded.
Edmund hits you with a +4 dire flail of protection!
* * * LOW HITPOINT WARNING * * *
You are too injured to fight recklessly!
You are too injured to fight recklessly!
You hit Edmund but do no damage.
Edmund is lightly wounded.
Edmund hits you with a +4 dire flail of protection!
* * * LOW HITPOINT WARNING * * *
You hit Edmund but do no damage. You headbutt Edmund!
Edmund is moderately wounded.
Edmund hits you with a +4 dire flail of protection!
You die...

### ###### #..
#....# #.#
#.##.#.# #.#
#.##.#.### #@#
#.##.#.#..
#@######.##.#.#.#
#........##.#.#.#
#.#########.#.#.#
#.#########.#.#.##
#.##........#....#
#.##.#####........
#.# #.###...# #.#
#........ #.
#....[†.(


You could see Edmund.

Vanquished Creatures
  Pargi (Sewer)
  A scorpion (D:4)
  Crazy Yiuf (D:2)
  Jessica (D:2)
  Terence (D:2)
  Robin (D:2)
  4 adders
  3 worms
  3 dart slugs
  An orc (D:3)
  9 endoplasms
  3 giant cockroaches
  16 goblins
  10 hobgoblins
  4 jackals (D:1)
  11 kobolds
  2 quokkas
  7 ball pythons
  8 bats
  4 frilled lizards
  7 rats
98 creatures vanquished.

Notes
Turn   | Place    | Note
-------+----------+-------------------------------------------
     0 | D:1      | Zeld the Minotaur Berserker began the quest for the Orb.
     0 | D:1      | Reached XP level 1. HP: 19/19 MP: 0/0
   277 | D:1      | Found Weth's Weapon Emporium.
   283 | D:1      | Reached XP level 2. HP: 24/27 MP: 1/1
   358 | D:1      | Reached skill level 4 in Axes
   582 | D:1      | Reached ** piety under Trog
   587 | D:1      | Reached XP level 3. HP: 31/33 MP: 2/2
   842 | D:1      | Found a faded altar of an unknown god.
  1132 | D:2      | Noticed Robin
  1153 | D:2      | Killed Robin
  1154 | D:2      | Reached XP level 4. HP: 16/40 MP: 3/3
  1721 | D:2      | Found a blossoming altar of Fedhas.
  2087 | D:2      | Noticed Jessica
  2097 | D:2      | Killed Jessica
  2098 | D:2      | Reached skill level 5 in Axes
  2125 | D:2      | Noticed Terence
  2130 | D:2      | Killed Terence
  2131 | D:2      | Reached XP level 5. HP: 47/47 MP: 4/4
  2421 | D:2      | Found a runed translucent door.
  2422 | D:2      | Noticed Crazy Yiuf
  2765 | D:2      | Killed Crazy Yiuf
  3118 | D:3      | Found a transporter.
  3121 | D:3      | Found a transporter.
  3121 | D:3      | Noticed fireball365's ghost (amateur DgEE)
  3195 | D:3      | Found a glowing drain.
  3210 | Sewer    | Entered a sewer
  3328 | Sewer    | Reached *** piety under Trog
  3364 | Sewer    | Noticed Pargi
  3369 | Sewer    | Killed Pargi
  3370 | Sewer    | Reached skill level 5 in Fighting
  3370 | Sewer    | Reached skill level 6 in Axes
  3370 | Sewer    | Reached XP level 6. HP: 56/56 MP: 5/5
  4271 | D:4      | Noticed Edmund
  4280 | D:4      | Slain by Edmund

Illustrated notes

Levels and vault maps discovered:
D:1:      heliophobic_arrival_ceremonial_halls, layout_basic,
          basic_ecumenical_altar, serial_shops, shop
D:2:      layout_basic, basic_altar, uniq_crazy_yiuf_cottage, uniq_robin,
          uniq_jessica, uniq_terence
D:3:      layout_basic, cheibrodos_sewer_entry_sluice, gammafunk_ghost_arena,
          kennysheep_boxes
D:4:      layout_loops_ring, nicolae_underground_beach, uniq_edmund

Skill      XL: |  1  2  3  4  5 |
---------------+----------------+-----
Axes           | 4 5 6 |  6.2
Fighting       | 4 5 |  5.1
Armour         | 3 4 |  4.3
Dodging        | 3 |  3.9

Action                   |  1- 3 |  4- 6 || total
-------------------------+-------+-------++-------
Melee: Hand axe          |    60 |   104 ||   164
       Headbutt          |    10 |    20 ||    30
       Punch             |       |     2 ||     2
Invok: Berserk           |     1 |     3 ||     4
 Stab: Sleeping          |       |     3 ||     3
Armor: Animal skin       |     9 |    13 ||    22
Dodge: Dodged            |    44 |    65 ||   109
